 Seeded DCSS version 0.29-a0-1027-gcd8c55af63 (webtiles) character file.

Game seed: 20220813 (custom seed)

47 purpskrrrp the Cudgeller (level 3, -3/29 HPs)
             Began as a Demonspawn Berserker on Aug 12, 2022.
             Was a Follower of Trog.
             Slain by a gnoll
             ... wielding a +3 vampiric spear
              (4 damage)
             ... on level 2 of the Dungeon.
             The game lasted 00:02:17 (1477 turns).

purpskrrrp the Cudgeller (Demonspawn Berserker)     Turns: 1477, Time: 00:02:18

Health: -3/29      AC:  3    Str: 19    XL:     3   Next: 48%
Magic:  3/3        EV: 12    Int: 10    God:    Trog [*.....]
Gold:   106        SH:  0    Dex: 12    Spells: 2/2 levels left

rFire   . . .      SeeInvis .   a - +0 mace
rCold   . . .      Faith    .   (no shield)
rNeg    . . .      Spirit   .   b - +0 animal skin
rPois   .          Reflect  .   h - +0 helmet
rElec   .          Harm     .   (no cloak)
rCorr   .          Rampage  .   (no gloves)
Will    .....                   (no boots)
Stlth   ++........              (no amulet)
HPRegen 0.09/turn               (no ring)
MPRegen 0.08/turn               (no ring)

@: on berserk cooldown, slowed, very slow
A: big brain 1, weakness stinger 1
a: Renounce Religion, Berserk


You were on level 2 of the Dungeon.
You worshipped Trog.
Trog was aware of your devotion.
You visited 1 branch of the dungeon, and saw 2 of its levels.

You collected 106 gold pieces.

Inventory:

Hand Weapons
 a - a +0 mace (weapon)
Armour
 b - a +0 animal skin (worn)
 h - a +0 helmet (worn)
Jewellery
 l - a +6 ring of intelligence
Scrolls
 c - a scroll of identify {unknown}
 e - a scroll of noise {unknown}
 f - a scroll of blinking {unknown}
 g - 2 scrolls of teleportation {unknown}
 m - 2 scrolls of vulnerability {unknown}
Potions
 d - a potion of flight {unknown}
 i - a potion of degeneration {unknown}
 j - a potion of heal wounds {unknown}
 k - 2 potions of curing {unknown}
 n - a potion of might {unknown}
 o - a potion of cancellation {unknown}


   Skills:
 + Level 3.4 Fighting
 * Level 3.5 Maces & Flails
 - Level 1.7 Armour
 - Level 1.7 Dodging
 + Level 1.3 Stealth


You had 2 spell levels left.
You didn't know any spells.
Your spell library was empty.

Dungeon Overview and Level Annotations

Branches:
Dungeon (2/15)

Altars:


Innate Abilities, Weirdness & Mutations

You have an unusually large brain. (Int +2)
You have a small tail.


Message History

You hit the gnoll.
You kill the gnoll!
Trog accepts your kill. The gnoll misses you.
The gnoll hits you with a +3 vampiric spear!
You see here a +0 spear.
You barely miss the gnoll.
You are no longer berserk.
You are exhausted.
You feel yourself slow down. The gnoll closely misses you.
You barely miss the gnoll.
The gnoll hits you with a +3 vampiric spear. x2
You sock the gnoll!
You tail-slap the gnoll, but do no damage.
The gnoll is heavily wounded.
The gnoll hits you with a +3 vampiric spear.
You are too injured to fight recklessly!
You are too injured to fight recklessly!
You are too injured to fight recklessly!
You are too injured to fight recklessly!
You are too injured to fight recklessly!
You are too injured to fight recklessly!
You are too injured to fight recklessly!
You are too injured to fight recklessly!
You are too injured to fight recklessly!
You are too injured to fight recklessly!
You are too injured to fight recklessly!
You hit the gnoll.
The gnoll is severely wounded.
The gnoll closely misses you.
The gnoll hits you with a +3 vampiric spear.
* * * LOW HITPOINT WARNING * * *
The gnoll draws strength from your wounds!
Okay, then.
The gnoll attacks as you move away!
The gnoll hits you with a +3 vampiric spear.
* * * LOW HITPOINT WARNING * * *
The gnoll draws strength from your wounds!
The gnoll hits you from afar with a +3 vampiric spear.
You die...

#.....##########
#.....# #.....#
#.....# #.....# ###
###'####### .... #.#
#...# .....
#.###...######..?...
#...'...'@)gg'?.....
#####...######......
#...# ..... #...#
.g.. #...# ... #####
.. #


You could see 2 gnolls.

Vanquished Creatures
  2 gnolls (D:2)
  3 ball pythons (D:1)
  7 endoplasms (D:1)
  2 goblins (D:1)
  2 hobgoblins (D:1)
  3 quokkas
  2 bats
  2 kobolds
  2 rats (D:1)
25 creatures vanquished.

Notes
Turn   | Place    | Note
-------+----------+-------------------------------------------
     0 | D:1      | purpskrrrp the Demonspawn Berserker began the quest for the
                  | Orb.
     0 | D:1      | Reached XP level 1. HP: 18/18 MP: 1/1
     6 | D:1      | Noticed a polar bear
     6 | D:1      | Noticed a salamander
     7 | D:1      | Noticed a rime drake
   168 | D:1      | Gained mutation: You have a small tail. [demonic ancestry]
   168 | D:1      | Reached XP level 2. HP: 16/24 MP: 2/2
   785 | D:1      | Reached skill level 1 in Stealth
  1469 | D:2      | Gained mutation: You have an unusually large brain. (Int
                  | +2) [demonic ancestry]
  1469 | D:2      | Reached XP level 3. HP: 29/29 MP: 3/3
  1477 | D:2      | HP: 1/29 [gnoll/+3 vampiric spear (4)]
  1477 | D:2      | Slain by a gnoll

Illustrated notes

Levels and vault maps discovered:
D:1:      onia_arrival_zoo_common, layout_basic
D:2:      layout_basic

Skill      XL: |  1  2 |
---------------+-------+-----
Maces & Flails | 3 |  3.5
Stealth        | 1 |  1.3
Fighting       | |  3.4
Armour         | |  1.7
Dodging        | |  1.7

Action                   || total
-------------------------++-------
Melee: Mace              ||    60
       Punch             ||     1
       Tailslap          ||     5
Invok: Berserk           ||     1
 Stab: Sleeping          ||     4
Armor: Animal skin       ||    10
Dodge: Dodged            ||    38

Table legend: (Time is in decaauts)
 A = Elapsed time spent in this place.
 B = Non-inter-level travel time spent in this place.
 C = Inter-level travel time spent in this place.
 D = Time resting spent in this place.
 E = Time spent auto-exploring this place.
 F = Levels seen in this place.
 G = Mean time per level.
                   A        B        C        D        E       F      G
               +--------+--------+--------+--------+--------+-----+--------+
         Total |   1490 |   1461 |     29 |      0 |   1271 |   2 |  745.0 |
       Dungeon |   1490 |   1461 |     29 |      0 |   1271 |   2 |  745.0 |
               +--------+--------+--------+--------+--------+-----+--------+

Top non-repeatable levels by time:
     D:1: 1199 daAuts
     D:2: 291 daAuts
